Map: 파라 사이트 - 래더

Players

Classic - Winner!

  • Race: Protoss Protoss
  • League: Master
  • Spawn Location: 5:00

lllllllllll (sOs)

  • Race: Protoss Protoss
  • League: Master
  • Spawn Location: 11:00

Event: IEM Season 13 - Katowice Server Qualifiers Asia 1

VOD

Have the link to the VOD?

Description

Time

  • Played on: Jan. 14, 2019, 5:01 a.m.
  • Length: 10:17

All games in this series

Show
View Real Time Build Order
Export as new Build Order

Classic Protoss - Winner!

Build Orders: Oracle Opening, Phoenix Opening 

Get SALT Encoding   

  12  0:00  Probe  
  13  0:12  Probe  
  14  0:17  Pylon  
  14  0:24  Probe  
  15  0:32  Probe  
  15  0:38  Gateway  
  15  0:40  Probe  
  16  0:45  Assimilator  
  17  0:50  Probe  
  17  0:54  Assimilator  
  18  0:59  Probe  
  19  1:07  Probe  
  20  1:12  Gateway  
  20  1:17  Probe  
  21  1:26  Cybernetics Core  
  21  1:29  Probe  
  22  1:35  Pylon  
  22  1:41  Probe  
  23  1:53  Probe  
  24  2:02  Sentry, Stalker  
  24  2:03  Warp Gate  
  28  2:12  Pylon  
  28  2:28  Stargate  
  28  2:36  Stalker  
  30  2:48  Nexus  
  30  2:55  Stalker  
  32  3:05  Probe  
  32  3:12  Phoenix  
  35  3:14  Pylon  
  35  3:18  Probe  
  36  3:30  Oracle, Probe  
  40  3:42  Probe  
  41  3:52  Probe  
  42  3:56  Probe  
  42  4:00  Probe  
  42  4:02  Twilight Council  
  43  4:04  Probe  
  43  4:08  Probe  
  45  4:14  Probe  
  45  4:16  Stalker x2  
  49  4:20  Blink  
  49  4:21  Pylon  
  49  4:22  Probe  
  50  4:26  Probe  
  51  4:33  Pylon  
  51  4:34  Probe  
  51  4:38  Probe  
  53  4:48  Probe  
  53  4:50  Probe  
  55  5:01  Stalker x2  
  55  5:04  Probe x2  
  55  5:06  Pylon  
  61  5:12  Assimilator  
  61  5:14  Forge  
  61  5:16  Probe x2  
  61  5:17  Pylon  
  61  5:19  Assimilator  
  63  5:28  Probe x2  
  65  5:34  Protoss Ground Weapons Level 1  
  65  5:36  Stalker x2  
  62  5:51  Probe x2  
  64  6:03  Probe x2  
  64  6:07  Pylon  
  64  6:11  Gateway  
  64  6:13  Gateway  
  64  6:15  Probe  
  64  6:16  Probe  
  64  6:17  Robotics Facility  
  66  6:27  Pylon  
  66  6:29  Probe x2  
  68  6:33  Nexus  
  68  6:42  Charge  
  68  6:45  Gateway  
  68  6:46  Gateway  
  68  6:53  Gateway  
  68  6:58  Protoss Ground Weapons Level 2  
  68  6:59  Gateway  
  72  7:14  Warp Prism  
  70  7:17  Templar Archives  
  70  7:21  Zealot  
  70  7:22  Zealot x3  
  78  7:33  Pylon  
  78  7:43  Photon Cannon  
  78  8:01  High Templar x2  
  78  8:02  High Templar x2, Zealot x4  
  94  8:07  Archon x2  
  94  8:17  Photon Cannon  
  91  8:24  High Templar x2, Zealot x2  
  99  8:28  Archon  
  99  8:34  Zealot x3  
  99  8:35  Zealot  
  99  8:38  Pylon  
  107  8:52  High Templar x2  
  111  8:56  Archon, Zealot x3  
  111  8:57  Zealot x3  
  111  8:59  Pylon  
  123  9:16  High Templar  
  125  9:17  High Templar, Zealot x4  
  125  9:21  Archon  
  128  9:24  Zealot x2  
  130  9:49  Zealot x6  
  116  10:03  Zealot x2  
Show
View Real Time Build Order
Export as new Build Order

lllllllllll Protoss 

Build Orders: Phoenix Opening, Archon Immortal 

Get SALT Encoding   

  12  0:00  Probe  
  13  0:13  Probe  
  14  0:17  Pylon  
  14  0:23  Probe  
  15  0:31  Probe  
  16  0:38  Gateway  
  16  0:39  Probe  
  16  0:46  Assimilator  
  17  0:50  Probe  
  17  0:53  Assimilator  
  18  0:58  Probe  
  19  1:06  Probe  
  20  1:12  Gateway  
  20  1:17  Probe  
  20  1:25  Cybernetics Core  
  21  1:29  Probe  
  22  1:33  Pylon  
  22  1:41  Probe  
  23  1:54  Probe  
  24  2:00  Stalker  
  28  2:01  Sentry  
  28  2:02  Warp Gate  
  28  2:10  Pylon  
  28  2:20  Pylon  
  28  2:28  Stargate  
  28  2:34  Probe  
  28  2:44  Probe  
  28  2:50  Nexus  
  29  2:52  Probe  
  30  3:01  Probe  
  31  3:11  Phoenix  
  33  3:13  Probe  
  34  3:22  Pylon  
  34  3:25  Probe  
  35  3:36  Phoenix  
  35  3:37  Probe  
  38  3:42  Stargate  
  38  3:48  Probe  
  38  3:50  Assimilator  
  38  3:53  Shield Battery  
  39  3:57  Probe  
  39  4:01  Phoenix  
  42  4:10  Probe  
  42  4:11  Probe  
  42  4:21  Assimilator  
  42  4:23  Probe x2  
  48  4:34  Oracle x2  
  48  4:35  Probe  
  48  4:36  Pylon  
  48  4:37  Probe  
  52  4:51  Robotics Facility  
  50  4:56  Probe x2  
  46  5:06  Probe x2  
  48  5:14  Probe x2  
  50  5:27  Probe x2  
  52  5:32  Stalker x2  
  56  5:35  Pylon  
  56  5:47  Immortal  
  56  5:51  Probe x2  
  62  6:01  Forge  
  62  6:05  Probe x2  
  62  6:07  Shield Battery  
  62  6:09  Stalker  
  66  6:15  Protoss Ground Weapons Level 1  
  66  6:17  Probe x2  
  68  6:20  Zealot  
  68  6:21  Immortal  
  70  6:27  Pylon  
  70  6:31  Twilight Council  
  74  6:37  Zealot  
  76  6:40  Pylon  
  76  6:48  Phoenix  
  76  6:55  Probe x2  
  78  7:01  Immortal  
  82  7:09  Charge  
  82  7:17  Probe x2, Templar Archives  
  82  7:21  Gateway  
  82  7:22  Gateway  
  84  7:33  Nexus  
  84  7:36  Zealot x2  
  88  7:38  Pylon  
  88  7:45  Gateway  
  88  7:46  Gateway  
  82  8:05  Immortal  
  81  8:09  High Templar x2  
  85  8:14  Archon  
  85  8:16  High Templar x2  
  93  8:22  Gateway  
  93  8:23  Archon  
  93  8:24  Probe  
  93  8:25  Probe  
  95  8:36  Probe  
  95  8:37  Probe  
  97  8:42  Pylon  
  97  8:44  Warp Prism, Pylon  
  97  8:47  High Templar x2, Zealot x2  
  105  8:49  Probe x2  
  105  8:51  Archon  
  109  9:01  Probe x2  
  111  9:03  Pylon  
  111  9:04  Zealot x2  
  115  9:12  High Templar x2  
  115  9:15  Immortal  
  119  9:23  Archon  
  120  9:34  High Templar, Zealot  
  120  9:35  Zealot x2  
  121  9:47  High Templar, Zealot  
  119  9:54  Archon  
  119  9:58  Zealot x3  
  71  10:11  Zealot x3  

Tags
 
Add a new tag
Caveats
  • Supply blocks, unpowered buildings, or Contaminate may cause inaccurate times.
  • Supply counts are checked every 10 seconds.